 Dungeon Crawl Stone Soup version 0.31-a0-977-gc230f8ef24 (webtiles) character file.

Game seed: 9158709529957208605

461 skwerlee the Insei (level 7, -9/47 HPs)
             Began as a Djinni Shapeshifter on Oct 29, 2023.
             Mangled by a gnoll bouda
             ... wielding a +0 whip
              (11 damage)
             ... on level 5 of the Dungeon.
             The game lasted 00:11:00 (4752 turns).

skwerlee the Insei (Djinni Shapeshifter)            Turns: 4752, Time: 00:11:01

Health: -9/47      AC:  8    Str: 13    XL:     7   Next: 28%
Gold:   137        EV:  7    Int: 17    God:
                   SH:  0    Dex: 15

rFire   + +          .
                       - Unarmed
rCold   x . .        p - orb {light}
rNeg    . . .        q - +0 chain mail
rPois   ∞            (helmet currently unavailable)
rElec   .            (cloak currently unavailable)
rCorr   .            (gloves currently unavailable)
SInv    .            (boots unavailable)
Will    .....        (no amulet) Stlth
                     m - +6 ring of intelligence
HPRegen 0.27/turn    (no ring)
MPRegen 0.00/turn

%: infuse magic (-10 HP)
@: beast-form, weakened, flying, glowing
A: beast (slay +2), flying, sickness immunity, fire resistance 2, cold
vulnerability 1, float, innate caster, HP casting, extra vitality 1
a: Begin Untransformation


You were on level 5 of the Dungeon.
You were a hulking beast.
You visited 1 branch of the dungeon, and saw 5 of its levels.
You also visited: Sewer.

You collected 236 gold pieces.
You spent 99 gold pieces at shops.

Inventory:

Armour
 g - a +1 cloak
 p - an orb of light (worn)
 q - a +0 chain mail (worn)
 x - a +2 hat
Jewellery
 m - a +6 ring of intelligence (left hand)
 o - an amulet of faith
Talismans
 c - a beast talisman
 d - a flux talisman
Wands
 b - a wand of mindburst (14)
Scrolls
 f - a scroll of identify
 h - a scroll of enchant armour {unknown}
 i - 6 scrolls of teleportation
 j - 4 scrolls of noise
 l - a scroll of immolation {unknown}
 n - 2 scrolls of revelation {unknown}
 r - a scroll of blinking {unknown}
 v - 2 scrolls of fear {unknown}
 w - a scroll of summoning {unknown}
 y - a scroll of poison
Potions
 a - a potion of mutation {unknown}
 e - 2 potions of haste
 k - 2 potions of ambrosia
 s - 2 potions of heal wounds
 t - 2 potions of might {unknown}
 u - 5 potions of curing


   Skills:
 + Level 1.5 Fighting
 - Level 1.5 Armour
 - Level 3.2 Dodging
 - Level 0.6 Stealth
 + Level 6.2 Unarmed Combat
 + Level 3.7 Shapeshifting


You knew the following spells:

 Your Spells              Type           Power      Damage    Failure   Level
a - Summon Small Mammal   Summ           0%         N/A       99%         1
b - Ensorcelled Hibernat  Hex/Ice        0%         N/A       100%        2
c - Static Discharge      Conj/Air       0%         3-3/arc   100%        2
Your spell library was empty.


Dungeon Overview and Level Annotations

Branches:
Dungeon (5/15)              Sewer (visited)
 Temple: D:4-7

Altars:
Yredelemnul

Shops:
D:1 *   D:4 ?


Innate Abilities, Weirdness & Mutations

You are a hulking beast.
Your limbs bulge with bestial killing power. (Slay +2)
You are flying.
You are immune to sickness and miasma.
You are immune to poison.
Your flesh is very heat resistant. (rF++)
You are vulnerable to cold. (rC-)
You float through the air rather than walking.
You learn spells naturally, not from books.
Your magical power is your life essence.
You have superior vitality. (+4 MHP)


Message History

The gnoll hits you but does no damage.
The gnoll bouda hits you with a +0 whip.
You hit the gnoll bouda.
The gnoll bouda is moderately wounded.
You hit the gnoll bouda.
The gnoll bouda is moderately wounded.
The gnoll hits you from afar with a +0 spear.
The gnoll bouda barks out a call to the hunt!
The gnolls pick up the pace!
The gnoll hits you but does no damage.
You hit the gnoll bouda.
The gnoll bouda is heavily wounded.
The gnoll hits you with a +0 whip!
The gnoll bouda hits you with a +0 whip!
The gnoll hits you but does no damage.
You are too injured to fight recklessly!
You are too injured to fight recklessly!
You are too injured to fight recklessly!
You hit the gnoll.
The gnoll is moderately wounded.
The gnoll hits you from afar with a +0 spear.
The gnoll hits you but does no damage.
You hit the gnoll bouda but do no damage.
The gnoll bouda is heavily wounded.
The gnoll hits you but does no damage.
The gnoll bouda hits you with a +0 whip.
The gnoll hits you with a +0 whip.
You hit the gnoll bouda but do no damage.
The gnoll bouda is heavily wounded.
The gnoll hits you from afar with a +0 spear.
* * * LOW HITPOINT WARNING * * *
The gnoll bouda hits you with a +0 whip!
* * * LOW HITPOINT WARNING * * *
The gnoll barely misses you.
You barely miss the gnoll bouda.
The gnoll bouda is heavily wounded.
The gnoll hits you from afar with a +0 spear.
* * * LOW HITPOINT WARNING * * *
The gnoll bouda hits you with a +0 whip!
You die...

.... #..# ###..# .
#....# .. #....####.#
##.........#
##.......##
#........g##?#
##.......h.g..#
#......^.g.....#
#####.#.......##......
#...)>##.....## .#.##.
#.#######...## . # #.#
#.....#. #g #.#
#...<..# g. #.###
#....... .. #...#
.....#


You could see a gnoll bouda and 2 gnolls.

Vanquished Creatures
  A lemure (D:5)
  An orc priest (D:3)
  2 hounds
  2 iguanas (D:4)
  An orc wizard (D:3)
  3 gnolls (D:5)
  9 adders
  3 river rats (Sewer)
  A white imp (D:5)
  3 worms
  2 dart slugs
  18 orcs
  11 endoplasms
  5 giant cockroaches
  7 hobgoblins
  4 quokkas
  13 ball pythons
  9 bats
  8 frilled lizards
  7 goblins
  14 kobolds
  9 rats
133 creatures vanquished.

Notes
Turn   | Place    | Note
-------+----------+-------------------------------------------
     0 | D:1      | skwerlee the Djinni Shapeshifter began the quest for the
                  | Orb.
     0 | D:1      | Reached XP level 1. HP: 17/17 MP: 0/0
   246 | D:1      | Reached XP level 2. HP: 15/22 MP: 0/0
   526 | D:1      | Reached XP level 3. HP: 18/27 MP: 0/0
   526 | D:1      | Learned a level 1 spell: Summon Small Mammal
   645 | D:1      | Found Xioteuwo's Assorted Antiques.
  1236 | D:2      | Reached XP level 4. HP: 19/32 MP: 0/0
  1360 | D:2      | Reached skill level 4 in Unarmed Combat
  1636 | D:2      | Reached XP level 5. HP: 37/37 MP: 0/0
  1636 | D:2      | Learned a level 2 spell: Ensorcelled Hibernation
  1644 | D:2      | Found a faded altar of an unknown god.
  1915 | D:3      | Found a glowing drain.
  1919 | Sewer    | Entered a sewer
  2126 | Sewer    | Reached XP level 6. HP: 42/42 MP: 0/0
  2424 | D:3      | Reached skill level 5 in Unarmed Combat
  2443 | D:3      | Reached skill level 1 in Armour
  3409 | D:3      | Found a basalt altar of Yredelemnul.
  3921 | D:4      | Found The Oracle's Delphic Readings.
  3925 | D:4      | Bought a scroll of noise for 11 gold pieces
  3925 | D:4      | Bought a scroll of identify for 22 gold pieces
  3925 | D:4      | Bought a scroll of poison for 44 gold pieces
  3925 | D:4      | Bought a scroll of identify for 22 gold pieces
  4268 | D:4      | Reached XP level 7. HP: 44/47 MP: 0/0
  4268 | D:4      | Learned a level 2 spell: Static Discharge
  4507 | D:5      | Entered Level 5 of the Dungeon
  4567 | D:5      | Reached skill level 6 in Unarmed Combat
  4752 | D:5      | HP: 2/47 [gnoll/+0 spear[a gnoll bouda] (4)]
  4752 | D:5      | Mangled by a gnoll bouda

Illustrated notes

Levels and vault maps discovered:
D:1:      scummos_arrival_simple_crosswalls, layout_loops_ring, serial_shops,
          nicolae_diamond_shop, nicolae_wormholes
D:2:      layout_basic, ebering_ecumenical_altar_petrified, basic_altar,
          minmay_hexomino_c4
D:3:      layout_loops_cross, marbit_many_paths,
          mainiacjoe_sewer_entry_somewhere_in_here_2, kennysheep_generic_room_11
D:4:      layout_basic, nicolae_nh_oracle_at_delphi
D:5:      layout_loops_ring, nicolae_elyvilon_peaceful_grove, serial_shops,
          nicolae_shop_pleasant_corner_grove, roderic_lattice_a, uniq_pikel,
          uniq_grinder

Skill      XL: |  1  2  3  4  5  6  7 |
---------------+----------------------+-----
Shapeshifting  | 3 |  3.7
Unarmed Combat | 4 5 6 |  6.2
Dodging        | 3 |  3.2
Armour         | 1 |  1.5
Fighting       | |  1.5
Stealth        | |  0.6

Action                     |  1- 3 |  4- 6 |  7- 9 || total
---------------------------+-------+-------+-------++-------
  Melee: Unarmed           |   100 |   274 |    70 ||   444
         Punch             |     1 |       |       ||     1
    Use: Scroll            |       |     6 |       ||     6
         Potion            |       |     1 |       ||     1
   Stab: Sleeping          |     1 |       |       ||     1
 Armour: Animal skin       |    41 |    24 |       ||    65
         Chain mail        |       |   136 |    58 ||   194
         Skin              |       |     2 |       ||     2
  Dodge: Dodged            |    67 |    96 |    21 ||   184

Table legend: (Time is in decaauts)
 A = Elapsed time spent in this place.
 B = Non-inter-level travel time spent in this place.
 C = Inter-level travel time spent in this place.
 D = Time resting spent in this place.
 E = Time spent auto-exploring this place.
 F = Levels seen in this place.
 G = Mean time per level.
                   A        B        C        D        E       F      G
               +--------+--------+--------+--------+--------+-----+--------+
         Total |   4712 |   4632 |     80 |   1189 |   2499 |   6 |  785.3 |
       Dungeon |   4313 |   4233 |     80 |   1189 |   2235 |   5 |  862.6 |
         Sewer |    398 |    398 |      0 |      0 |    264 |   1 |  398.0 |
               +--------+--------+--------+--------+--------+-----+--------+

Top non-repeatable levels by time:
     D:3: 1372 daAuts
     D:2: 955 daAuts
     D:1: 912 daAuts
     D:4: 834 daAuts
   Sewer: 398 daAuts
     D:5: 239 daAuts
